 Dungeon Crawl Stone Soup version 0.22-a0-612-gd2f0174 (webtiles) character file.

72 Mamutox the Ruffian (level 4, 0/44 HPs)
             Began as an Ogre Transmuter on July 11, 2018.
             Slain by a kobold
             ... wielding a cursed -1 whip
              (5 damage)
             ... on level 2 of the Dungeon.
             The game lasted 00:07:29 (1322 turns).

Mamutox the Ruffian (Ogre Transmuter)               Turns: 1322, Time: 00:07:30

Health: 0/44       AC:  3    Str: 14    XL:     4   Next: 25%
Magic:  8/8        EV: 10    Int: 14    God:
Gold:   97         SH:  0    Dex: 10    Spells: 3/9 levels left

rFire    . . .     SeeInvis .     - Unarmed
rCold    . . .     Gourm    .   (no shield)
rNeg     . . .     Faith    .   b - +0 robe
rPois    .         Spirit   .   (helmet restricted)
rElec    .         Reflect  .   (no cloak)
rCorr    .         Harm     .   (gloves unavailable)
MR       .....                  (boots unavailable)
Stlth    ++........             (no amulet)
HPRegen  0.14/turn              e - ring of stealth
MPRegen  0.11/turn              (no ring)

@: appendage (expiring)
A: large, unfitting armour, horns 2, tough skin 1
a: End Transformation


You were on level 2 of the Dungeon.
You were not hungry.
You had grown temporary horns.
You visited 1 branch of the dungeon, and saw 2 of its levels.

You collected 97 gold pieces.

Inventory:

Missiles
 a - 34 arrows
Armour
 b - a +0 robe (worn)
Jewellery
 e - a ring of stealth (left hand)
Scrolls
 f - 2 scrolls of teleportation {unknown}
 g - a scroll of remove curse {unknown}
 h - a scroll of immolation {unknown}
 i - a scroll of enchant armour {unknown}
 j - 2 scrolls of identify {unknown}
Potions
 c - a potion of degeneration {unknown}
 k - a potion of curing
 l - 2 potions of ambrosia {unknown}
 n - a potion of lignification {unknown}
 o - a potion of agility {unknown}
Comestibles
 d - 2 rations


   Skills:
 - Level 2.3 Fighting
 - Level 1.7 Dodging
 + Level 3.2 Unarmed Combat
 - Level 3.1 Spellcasting
 - Level 2.4 Transmutations
 - Level 1.1 Poison Magic


You had 3 spell levels left.
You knew the following spells:

 Your Spells              Type           Power        Failure   Level  Hunger
a - Beastly Appendage     Tmut           #.....       8%          1    #......
s - Sticks to Snakes      Tmut           #.......     12%         2    ##.....
x - Spider Form           Tmut/Pois      #.........   30%         3    ###....

Your spell library contained the following spells:

 Spells                   Type           Power        Failure   Level  Hunger
 Blade Hands              Tmut           #.........   91%         5    ######.
 Ice Form                 Ice/Tmut       #.......     77%         4    #####..


Dungeon Overview and Level Annotations

Branches:
Dungeon (2/15)

Altars:


Innate Abilities, Weirdness & Mutations

You are too large for most types of armour.
You have tough skin. (AC +1)
You have a pair of horns on your head.


Message History

The adder closely misses you. The kobold closely misses you.
Unknown command.
You closely miss the adder.
The adder is severely wounded.
The adder bites you.
* * * LOW HITPOINT WARNING * * *
You are lethally poisoned!
The adder poisons you! The kobold hits you but does no damage.
You barely miss the adder.
The adder is severely wounded.
* * * LOW HITPOINT WARNING * * *
You feel sick. The adder barely misses you.
The kobold hits you but does no damage. The adder closely misses you.
It was a potion of curing.
You feel better. The adder bites you.
* * * LOW HITPOINT WARNING * * *
The kobold hits you but does no damage.
You hit the adder.
You kill the adder!
The kobold hits you with a whip.
You die...

#......... .### #.........
.... #.%........... .....
#.............
.....##.............
...............#.......
...........(####.......
......#...K†...........
...#.#....@...........
.....#..............#
#.......###......#
#########.......# #........
.#............#.###.........
...........................Z
.#........<.>...###.........
#.........##.#.# #.###...s.
#.........##.#.# #. .....


You could see a kobold.

Vanquished Creatures
  3 adders (D:2)
  3 dart slugs (D:1)
  A leopard gecko (D:1)
  3 bats (D:1)
  5 giant cockroaches
  6 goblins (D:1)
  2 hobgoblins (D:1)
  7 kobolds (D:1)
  3 frilled lizards (D:1)
  5 rats (D:1)
38 creatures vanquished.

Notes
Turn   | Place    | Note
-------+----------+-------------------------------------------
     0 | D:1      | Mamutox the Ogre Transmuter began the quest for the Orb.
     0 | D:1      | Reached XP level 1. HP: 19/19 MP: 3/3
    86 | D:1      | Reached XP level 2. HP: 25/28 MP: 3/5
   418 | D:1      | Learned a level 2 spell: Sticks to Snakes
   503 | D:1      | Reached XP level 3. HP: 29/35 MP: 5/7
   874 | D:1      | Learned a level 3 spell: Spider Form
  1241 | D:2      | Reached skill level 1 in Poison Magic
  1284 | D:2      | Reached XP level 4. HP: 27/44 MP: 6/8
  1322 | D:2      | Slain by a kobold

Vault maps used:
D:1:      scummos_arrival_checkerplants, minmay_tall_x
D:2:      kennysheep_generic_room_12, uniq_terence

Skill      XL: |  1  2  3 |
---------------+----------+-----
Transmutations | 2 |  2.4
Fighting       | 2 |  2.3
Spellcasting   | 3 |  3.1
Poison Magic   | 1 |  1.1
Unarmed Combat | 3 |  3.2
Dodging        | |  1.7

Action                   |  1- 3 |  4- 6 || total
-------------------------+-------+-------++-------
Melee: Unarmed           |   153 |    13 ||   166
       Headbutt          |     8 |     1 ||     9
       Kick              |     9 |       ||     9
       Punch             |     1 |       ||     1
 Cast: Beastly Appendage |    16 |     1 ||    17
  Use: Potion            |       |     1 ||     1
 Stab: Sleeping          |     2 |       ||     2
  Eat: Chunk             |     1 |     1 ||     2
Armor: Robe              |    54 |     3 ||    57
Dodge: Dodged            |    98 |    11 ||   109

Table legend:
 A = Spawn XP
 B = Non-spawn XP
 C = Spawn XP percentage of total XP
 D = Spawn monster count
 E = Non-spawn monster count
 F = Spawn count percentage of total count
 G = Total turns spent on level
                    A         B        C        D         E        F      G
               +---------+---------+-------+---------+---------+-------+---------
         Total |       0 |     103 |   0.0 |       0 |      38 |   0.0 |  1322
               +---------+---------+-------+---------+---------+-------+---------
           D:1 |       0 |      61 |   0.0 |       0 |      34 |   0.0 |  1231
           D:2 |       0 |      42 |   0.0 |       0 |       4 |   0.0 |    91
               +---------+---------+-------+---------+---------+-------+---------
